AoeStats
← 星之清风

Arabia

509339458Analyzed
1v1 RM · 5d ago on Sep 26, 2026· 57m 1s· 2 players
Game mode
Random Map
Map size
Tiny (2 player)
Population
200
Speed
Normal
Resources
Standard
Victory
Conquest
Starting age
Dark Age
Ending age
Imperial Age
RankedLock teamsTeams togetherTeam positionsShared explorationLock speedFull tech treeHidden civsTurbo modeCheats
Victory
Defeat
🇹🇷 Magyars · Türkiye
923
+16
🇨🇳 Wei · China
914
-16
星之清风
10:34 Feudal Age
10:46 Loom
18:25 Castle Age
17:36 Bloodlines
18:26 Forging
18:55 Scale Barding Armor
20:09 Town Watch
26:35 Gold Mining
31:56 Wheelbarrow
32:17 Double-Bit Axe
33:03 Stone Mining
36:06 Horse Collar
44:39 Hand Cart
44:35 Heavy Plow
44:40 Treadmill Crane
45:11 Masonry
45:12 Thumb Ring
49:42 Imperial Age
48:15 Light Cavalry
48:56 Husbandry
48:52 Fletching
49:03 Padded Archer Armor
49:28 Tuntian
50:29 Elite Skirmisher
51:37 Parthian Tactics
54:03 Leather Archer Armor
53:43 Bodkin Arrow
54:24 Hussar
57:17 Scale Mail Armor
57:49 Ring Archer Armor
57:20 Bracer
Jason
10:19 Feudal Age
8:36 Loom
14:45 Man-at-Arms
17:25 Horse Collar
25:58 Castle Age
26:31 Pikeman
26:33 Crossbowman
28:15 Fletching
28:26 Padded Archer Armor
32:18 Double-Bit Axe
32:36 Heavy Plow
36:26 Bow Saw
38:03 Thumb Ring
39:26 Wheelbarrow
43:56 Hand Cart
46:18 Imperial Age
44:34 Bodkin Arrow
45:28 Ballistics
46:01 Corvinian Army
46:27 Leather Archer Armor
47:23 Town Watch
48:41 Two-Man Saw
49:15 Chemistry
48:11 Murder Holes
48:24 Recurve Bow
49:42 Crop Rotation
49:15 Elite Magyar Huszar
53:01 Ring Archer Armor
53:57 Bracer
54:03 Scale Barding Armor
56:01 Parthian Tactics
57:05 Town Patrol
Connection lost

Rejoining the realm…

Still unreachable

The connection could not be restored.

Session expired

The server has moved on; the page needs a fresh start.